 Dungeon Crawl Stone Soup version 0.31-a0-795-g5eb97db20b (webtiles) character file.

Game seed: 8817733698400537190

94 Maratek the Ducker (level 4, 0/31 HPs)
             Began as an Octopode Fighter on Sept 18, 2023.
             Was a Priest of Jiyva.
             Slain by a black bear (4 damage)
             ... on level 4 of the Dungeon.
             The game lasted 00:06:52 (2220 turns).

Maratek the Ducker (Octopode Fighter)               Turns: 2220, Time: 00:06:53

Health: 0/31       AC:  1    Str: 17    XL:     4   Next: 63%
Magic:  4/4        EV: 12    Int: 10    God:    Jiyva [***...]
Gold:   1881       SH: 10    Dex: 11    Spells: 3/3 levels left

rFire   . . .        a - +0 flail
rCold   . . .        c - +2 kite shield {rN+}
rNeg    + . .        (helmet restricted)
rPois   .            (no amulet)
rElec   .            (no ring)
rCorr   +            (no ring)
SInv    .            (no ring)
Will    .....        (no ring)
Stlth   +++          (no ring)
HPRegen 1.37/turn    (no ring)
MPRegen 0.44/turn    (no ring)
                     (no ring)

%: no passive effects
@: no status effects
A: almost no armour, amphibious, 8 rings, camouflage 1, gelatinous body 1,
(nimble swimmer 1), tentacles
a: Renounce Religion, Oozemancy


You were on level 4 of the Dungeon.
You worshipped Jiyva.
Jiyva was most pleased with you.
You visited 1 branch of the dungeon, and saw 5 of its levels.

You collected 1881 gold pieces.

Inventory:

Hand Weapons
 a - a +0 flail (weapon)
Armour
 c - a +2 kite shield of positive energy (worn)
Scrolls
 f - a scroll of revelation
 p - a scroll of blinking
Potions
 d - 2 potions of magic {unknown}
 g - a potion of berserk rage {unknown}
 h - 2 potions of degeneration {unknown}
 i - a potion of curing {unknown}
 k - a potion of mutation {unknown}
 l - a potion of lignification {unknown}
 n - a potion of resistance {unknown}


   Skills:
 + Level 3.4 Fighting
 + Level 3.0 Maces & Flails
 + Level 3.5 Dodging
 + Level 2.7 Stealth
 + Level 3.2 Shields


You had 3 spell levels left.
You didn't know any spells.
Your spell library was empty.

Dungeon Overview and Level Annotations

Branches:
Dungeon (5/15)             Temple (0/1) D:4

Altars:
Qazlal
Jiyva

Shops:
D:1 =   D:3 [


Innate Abilities, Weirdness & Mutations

You cannot wear most types of armour.
You are amphibious.
You can wear up to eight rings at the same time.
Your skin changes colour to match your surroundings (Stealth+).
Your rubbery body absorbs attacks. (AC +1, EV +1)
((You are camouflaged when in or above water. (Stealth+)))
You have tentacles for arms and can constrict up to eight enemies at once.


Message History

Your grab misses the ball python. Your squeeze misses the ball python.
The ball python bites you. The ball python barely misses you.
You block the giant cockroach's attack.
You hit the dart slug. You grab the dart slug.
The dart slug is moderately wounded.
You constrict the dart slug.
The ball python bites you but does no damage.
You block the ball python's attack.
The giant cockroach waves its antennae.
The giant cockroach misses you.
The ball python bites you but does no damage.
You block the ball python's attack. You block the dart slug's attack.
The giant cockroach bites you.
You hit the dart slug.
You kill the dart slug!
The ball python bites you. The ball python grabs you.
The ball python constricts you. The giant cockroach bites you.
The ball python bites you. The ball python constricts you.
You hit the ball python. You grab the ball python.
The ball python is severely wounded.
You constrict the ball python.
You kill the ball python!
The giant cockroach bites you. The black bear closely misses you.
You block the black bear's attack. x2
The giant cockroach bites you but does no damage.
The black bear bites you! The black bear claws you. x2
You are too injured to fight recklessly!
You are too injured to fight recklessly!
You are too injured to fight recklessly!
Unknown command.
You are too injured to fight recklessly!
The black bear attacks as it pursues you!
The black bear bites you!
* * * LOW HITPOINT WARNING * * *
You block the black bear's attack. The black bear closely misses you.
The giant cockroach attacks as it pursues you!
You block the giant cockroach's attack.
The black bear attacks as it pursues you!
The black bear closely misses you. The black bear claws you.
You die...

....... .........#
#.........# #.........
#......... ##.......##
#...⌠$....#######
........B@......##########
#.⌠.>.⌠.h.#####...........
#..........# ############
#...⌠..)......#
.#.......####...
.......... .. ###.....#..
. #.##....## # #. #...##


You could see a black bear and a giant cockroach.

Vanquished Creatures
  3 adders (D:3)
  A white imp (D:4)
  A worm (D:2)
  3 dart slugs
  4 orcs (D:3)
  6 ball pythons
  2 endoplasms (D:1)
  A giant cockroach (D:3)
  4 goblins
  7 hobgoblins
  2 jackals (D:3)
  2 kobolds
  A quokka (D:3)
  6 bats
  4 rats
47 creatures vanquished.

Vanquished Creatures (others)
  An endoplasm (D:3)
  3 orcs (D:3)
4 creatures vanquished.

Grand Total: 51 creatures vanquished

Notes
Turn   | Place    | Note
-------+----------+-------------------------------------------
     0 | D:1      | Maratek the Octopode Fighter began the quest for the Orb.
     0 | D:1      | Reached XP level 1. HP: 16/16 MP: 1/1
    60 | D:1      | Found Oboon's Jewellery Shop.
   412 | D:1      | Reached XP level 2. HP: 16/21 MP: 2/2
   949 | D:2      | Found a faded altar of an unknown god.
   991 | D:2      | Prayed at the altar of an unknown god.
   991 | D:2      | Became a worshipper of Jiyva Jegyleev the Shapeless
   991 | D:2      | Reached * piety under Jiyva
  1017 | D:2      | Reached XP level 3. HP: 26/26 MP: 3/3
  1033 | D:2      | Reached skill level 1 in Stealth
  1233 | D:2      | Reached ** piety under Jiyva
  1604 | D:3      | Reached XP level 4. HP: 31/31 MP: 4/4
  1846 | D:3      | Noticed a sky beast
  1907 | D:1      | Identified 3 scrolls of acquirement
  1907 | D:1      | Acquired 563 gold pieces
  2036 | D:3      | Found Kori's Antique Armour Shop.
  2045 | D:3      | Acquired 1199 gold pieces
  2047 | D:3      | Acquired a +2 kite shield of positive energy
  2121 | D:4      | Found a stormy altar of Qazlal.
  2121 | D:4      | Noticed a sky beast
  2142 | D:5      | Entered Level 5 of the Dungeon
  2148 | D:5      | Reached *** piety under Jiyva
  2149 | D:5      | Noticed a phantom
  2209 | D:4      | Found a staircase to the Ecumenical Temple.
  2213 | D:4      | Noticed a black bear
  2220 | D:4      | Slain by a black bear

Illustrated notes

Levels and vault maps discovered:
D:1:      psy_arrival_conway, layout_basic, serial_shops, nicolae_shop_stone
D:2:      layout_basic, ebering_ecumenical_altar_petrified, st_stairs_10,
          minmay_misc_feat_roman, nicolae_eternal_life
D:3:      layout_rooms, serial_shops, shop
D:4:      layout_rooms, nicolae_qazlal_beasts_of_the_sky,
          mainiacjoe_overflow_chevrons, temple_fountains, serial_shops,
          nicolae_shop_waterfront
D:5:      layout_gridville, kennysheep_mini, uniq_sigmund

Skill      XL: |  1  2  3  4 |
---------------+-------------+-----
Stealth        | 2 |  2.7
Maces & Flails | 3 |  3.0
Fighting       | |  3.4
Dodging        | |  3.5
Shields        | |  3.2

Action                     |  1- 3 |  4- 6 || total
---------------------------+-------+-------++-------
  Melee: Flail             |    52 |    33 ||    85
         Tentacles         |     8 |     7 ||    15
         Constrict         |    11 |    13 ||    24
         Punch             |     2 |       ||     2
    Use: Scroll            |       |     7 ||     7
         Potion            |       |     1 ||     1
   Stab: Sleeping          |    11 |     3 ||    14
 Armour: Skin              |     9 |    41 ||    50
  Dodge: Dodged            |    29 |    29 ||    58
  Block: Buckler           |     6 |    14 ||    20
         Kite shield       |       |    10 ||    10

Table legend: (Time is in decaauts)
 A = Elapsed time spent in this place.
 B = Non-inter-level travel time spent in this place.
 C = Inter-level travel time spent in this place.
 D = Time resting spent in this place.
 E = Time spent auto-exploring this place.
 F = Levels seen in this place.
 G = Mean time per level.
                   A        B        C        D        E       F      G
               +--------+--------+--------+--------+--------+-----+--------+
         Total |   2250 |   2192 |     58 |      0 |   1606 |   5 |  450.0 |
       Dungeon |   2250 |   2192 |     58 |      0 |   1606 |   5 |  450.0 |
               +--------+--------+--------+--------+--------+-----+--------+

Top non-repeatable levels by time:
     D:1: 940 daAuts
     D:2: 763 daAuts
     D:3: 425 daAuts
     D:4: 103 daAuts
     D:5: 16 daAuts
